 Dungeon Crawl Stone Soup version 0.21.1-1-g345015fe64 (webtiles) character file.

593 Morbidden the Basher (level 7, 0/41 HPs)
             Began as a Gargoyle Fighter on June 12, 2018.
             Slain by Grinder (11 damage)
             ... on level 5 of the Dungeon.
             The game lasted 00:10:46 (3503 turns).

Morbidden the Basher (Gargoyle Fighter)             Turns: 3503, Time: 00:10:47

Health: 0/41       AC:  0    Str: 21    XL:     7   Next: 39%
Magic:  7/7        EV: 13    Int:  9    God:
Gold:   154        SH:  0    Dex:  9    Spells: 6/6 levels left

rFire    . . .     SeeInvis .   (weapon currently unavailable)
rCold    . . .     Gourm    .   (shield currently unavailable)
rNeg     + . .     Faith    .   (armour currently unavailable)
rPois    ∞         Spirit   .   (helmet currently unavailable)
rElec    .         Reflect  .   (cloak currently unavailable)
rCorr    .         Harm     .   (gloves currently unavailable)
MR       .....                  (boots currently unavailable)
Stlth    +.........             (no amulet)
HPRegen  0.13/turn              (ring currently unavailable)
MPRegen  0.10/turn              (ring currently unavailable)

@: confused, pig-form (expiring), very quick
A: small, negative energy resistance 1, petrification resistance, rot immunity,
AC +4
a: no special abilities


You were on level 5 of the Dungeon.
You were hungry.
You were a filthy swine.
You visited 1 branch of the dungeon, and saw 5 of its levels.

You collected 154 gold pieces.

Inventory:

Hand Weapons
 a - a +0 flail (melded)
Armour
 b - a +0 scale mail (melded)
 c - a +0 shield (melded)
 d - a +0 helmet (melded)
 e - a +1 pair of gloves (melded)
Jewellery
 m - a +2 ring of dexterity (melded)
 n - a ring of stealth (melded)
Scrolls
 g - a scroll of immolation
 i - 3 scrolls of teleportation {unknown}
 j - 4 scrolls of identify
 k - 3 scrolls of remove curse
 l - 3 scrolls of amnesia {unknown}
 o - a scroll of blinking {unknown}
 p - a scroll of enchant weapon {unknown}
Potions
 h - a potion of lignification
 r - 2 potions of agility
 s - a potion of invisibility
 t - a potion of curing
Comestibles
 f - 11 rations


   Skills:
 - Level 3.2 Fighting
 + Level 8.0 Maces & Flails
 - Level 3.2 Armour
 - Level 3.2 Shields


You had 6 spell levels left.
You didn't know any spells.

Dungeon Overview and Level Annotations

Branches:
Dungeon (5/15)
 Temple: D:4-7

Altars:
Qazlal

Annotations:
D:5 Grinder


Innate Abilities, Weirdness & Mutations

You are resistant to torment.
((Your stone body is resilient. (AC +4)))
You are immune to poison.
You resist negative energy. (rN+)
((You are resistant to electric shocks. (rElec)))
((You can survive without breathing.))
You are immune to petrification.
You are immune to rotting.


Message History

Pain shoots through your body!
Grinder zaps a wand.
The hound bites you.
Your transformation is almost over.
The hound bites you.
Grinder blinks!
You can move again.
Unknown command.
You are stuck in your current form!
Unknown command.
You hit the hound but do no damage. The hound misses you.
Unknown command.
You closely miss the hound. The hound bites you.
* * * LOW HITPOINT WARNING * * *
Unknown command.
You are confused.
You feel invigorated. The hound bites you.
* * * LOW HITPOINT WARNING * * *
Grinder grins, showing sharp teeth.
Grinder hits you!
You die...

#.......# ........#
#.... ........# #..#..
.....)..# #.....
........# #....# ######
........###....# #....#
.###.#####.....# #....#
.# .######....###....#
.###......##...5hh....#
.#......#.#....#####'##
...............# #.#
.#.............# #.#
........#....#.##
#.h......
##..#####..###..#
#######.#
#..#......###..##
#..#.####.......#
#..#.# #######.##


You could see Grinder and a hound.

Vanquished Creatures
  Sigmund (D:2)
  A centaur (D:5)
  3 orc priests
  Natasha (thrice) (D:3)
  2 orc wizards (D:5)
  4 gnolls
  4 adders
  An adder zombie (D:3)
  3 worms
  4 dart slugs
  4 orcs
  4 bats
  4 giant cockroaches
  7 hobgoblins
  2 jackals (D:4)
  5 kobolds
  A ball python (D:3)
  4 frilled lizards
  9 rats
66 creatures vanquished.

Notes
Turn   | Place    | Note
-------+----------+-------------------------------------------
     0 | D:1      | Morbidden the Gargoyle Fighter began the quest for the Orb.
     0 | D:1      | Reached XP level 1. HP: 14/14 MP: 1/1
   160 | D:1      | Reached XP level 2. HP: 19/19 MP: 2/2
   242 | D:1      | Reached skill level 3 in Maces & Flails
   952 | D:2      | You fall through a shaft!
   985 | D:3      | Reached XP level 3. HP: 14/23 MP: 3/3
  1080 | D:3      | Noticed Natasha
  1087 | D:3      | Killed Natasha
  1087 | D:3      | Reached skill level 4 in Maces & Flails
  1106 | D:3      | Reached XP level 4. HP: 15/28 MP: 4/4
  1176 | D:3      | Noticed Natasha
  1183 | D:3      | Killed Natasha
  1436 | D:3      | Reached skill level 5 in Maces & Flails
  1436 | D:3      | Reached XP level 5. HP: 26/32 MP: 5/5
  1452 | D:3      | Noticed Natasha
  1454 | D:3      | Found a stormy altar of Qazlal.
  1485 | D:3      | Killed Natasha
  2116 | D:2      | Noticed Sigmund
  2144 | D:2      | Killed Sigmund
  2144 | D:2      | Reached skill level 6 in Maces & Flails
  2144 | D:2      | Reached XP level 6. HP: 23/37 MP: 6/6
  2802 | D:4      | Reached skill level 7 in Maces & Flails
  3116 | D:5      | Entered Level 5 of the Dungeon
  3191 | D:5      | Reached XP level 7. HP: 16/41 MP: 7/7
  3432 | D:5      | Reached skill level 8 in Maces & Flails
  3477 | D:5      | Noticed Grinder
  3479 | D:5      | Paralysed by Grinder for 5 turns
  3493 | D:5      | Paralysed by Grinder for 7 turns
  3503 | D:5      | Slain by Grinder

Skill      XL: |  1  2  3  4  5  6  7 |
---------------+----------------------+-----
Maces & Flails | 3 4 5 6 7 8 |  8.0
Fighting       | |  3.2
Armour         | |  3.2
Shields        | |  3.2

Action                   |  1- 3 |  4- 6 |  7- 9 || total
-------------------------+-------+-------+-------++-------
Melee: Flail             |    67 |   185 |    46 ||   298
       Unarmed           |       |       |     2 ||     2
  Use: Potion            |     1 |     6 |     1 ||     8
       Scroll            |       |     6 |       ||     6
  Eat: Chunk             |       |     7 |     1 ||     8
Armor: Scale mail        |    27 |   102 |    31 ||   160
       Skin              |       |     8 |       ||     8
Dodge: Dodged            |    29 |    73 |    15 ||   117
Block: Shield            |    39 |   109 |    13 ||   161
